 Dungeon Sprint DCSS version 0.26-a0-1079-g3a4175ecf3 (webtiles) character file.

Game seed: 16709761650065395604

540761 Adamkad1 the End of an Era (level 21, 163/163 HPs)
             Began as a Gargoyle Fighter on Dec 14, 2020.
             Was the Champion of Qazlal.
             Escaped with the Orb!
             The game lasted 00:27:05 (2911 turns).

Adamkad1 the End of an Era (Gargoyle Fighter)       Turns: 2911, Time: 00:27:06

Health: 163/163    AC: 58    Str: 28    XL:     21   Next: 36%
Magic:  48/48      EV: 13    Int: 25    God:    Qazlal [******]
Gold:   0          SH: 50    Dex: 12    Spells: 39/66 levels left

rFire    + + .     SeeInvis .   E - +7 Singing Sword {vorpal, sonic wave}
rCold    + . .     Faith    .   F - +18 shield of the Gong {rElec rN+ Will+ EV-5}
rNeg     + + .     Spirit   .   a - +5 gold dragon scales
rPois    ∞         Reflect  +   Y - +2 hood of the Assassin {Detection Stab+ Stlth++}
rElec    +         Harm     +   S - +0 cloak
rCorr    +         Rampage  .   z - +2 pair of gloves {Dex+3}
Will     +++..     NoTele   +   D - +0 pair of boots "Oqycsoit" {Harm rCorr Str+4 Stlth-}
Stlth    ..........             c - amulet "Vuxtymoff" {Reflect rElec rF+ Will- SH+5 Stlth+}
HPRegen  0.37/turn              G - ring of the Mage {Wiz Will++ Int+3}
MPRegen  0.31/turn              R - ring "Jeukepie" {Wiz +Fly rPois Str-2 Int+9}

@: studying 4 skills, repel missiles
A: big wings, negative energy resistance 1, electricity resistance, unbreathing,
petrification resistance, miasma immunity, AC +16
0: Orb of Zot
a: Fly, Upheaval, Elemental Force, Disaster Area, Renounce Religion, Evoke
Flight


You escaped.
You worshipped Qazlal.
Qazlal was exalted by your worship.
You visited 1 branch

Inventory:

Hand Weapons
 E - the +7 Singing Sword (weapon) {vorpal, sonic wave}
   (You found it in the Dungeon)

   It inflicts extra damage upon your enemies.
Armour
 a - +5 gold dragon scales (worn)
 z - a +2 pair of gloves of dexterity (worn)
 B - a +2 pair of boots of rampaging
 D - the +0 pair of boots "Oqycsoit" (worn) {Harm rCorr Str+4 Stlth-}
   (You found it in the Dungeon)

   It affects your strength (+4).
   It provides partial protection from all sources of acid and corrosion.
   It increases damage dealt and taken.
   It makes you less stealthy.
 F - the +18 shield of the Gong (worn) {rElec rN+ Will+ EV-5}
   (You found it in the Dungeon)

   It affects your evasion (-5).
   It insulates you from electricity.
   It protects you from negative energy.
   It affects your willpower, your defense against some magical effects.
 S - a +0 cloak (worn)
 Y - the +2 hood of the Assassin (worn) {Detection Stab+ Stlth++}
   (You found it in the Dungeon)

   It makes you much more stealthy.
Jewellery
 c - the amulet "Vuxtymoff" (around neck) {Reflect rElec rF+ Will- SH+5 Stlth+}
   (You found it in the Dungeon)

   [amulet of reflection]

   It shields you and reflects attacks.
   It protects you from fire.
   It insulates you from electricity.
   It affects your willpower, your defense against some magical effects.
   It affects your SH (+5).
   It makes you more stealthy.
 n - the ring of Past Mistakes {Wiz rF- Dex+4 Stlth+}
   (You found it in the Dungeon)

   [ring of wizardry]

   It improves your spell success rate.
   It affects your dexterity (+4).
   It makes you vulnerable to fire.
   It makes you more stealthy.
 G - the ring of the Mage (left hand) {Wiz Will++ Int+3}
   (You found it in the Dungeon)

   [ring of wizardry]

   It improves your spell success rate.
   It affects your intelligence (+3).
   It affects your willpower, your defense against some magical effects.
 K - the amulet "Sufalue" {RegenMP rElec Int+4}
   (You found it in the Dungeon)

   [amulet of magic regeneration]

   It increases your magic regeneration.
   It affects your intelligence (+4).
   It insulates you from electricity.
 R - the ring "Jeukepie" (right hand) {Wiz +Fly rPois Str-2 Int+9}
   (You acquired it in the Dungeon)

   [ring of wizardry]

   It improves your spell success rate.
   It affects your strength (-2).
   It affects your intelligence (+9).
   It protects you from poison.
   It lets you fly.
 Z - the ring of Qos Quah {Fire rPois rN++ Str-4 Stlth+}
   (You found it in the Dungeon)

   [ring of fire]

   It enhances your fire magic.
   It affects your strength (-4).
   It protects you from fire.
   It makes you vulnerable to cold.
   It protects you from poison.
   It greatly protects you from negative energy.
   It makes you more stealthy.
Wands
 u - a wand of disintegration (7)
 v - a wand of iceblast (7)
 w - a wand of acid (7)
Scrolls
 b - 4 scrolls of brand weapon
 j - 4 scrolls of blinking
 o - 4 scrolls of amnesia
 p - 8 scrolls of fog
 q - a scroll of holy word
 r - 5 scrolls of identify
 s - 5 scrolls of remove curse
 t - 2 scrolls of fear
Potions
 d - 6 potions of might
 e - 10 potions of curing
 f - 7 potions of heal wounds
 g - 10 potions of haste
 h - 7 potions of magic
 i - 3 potions of berserk rage
 k - 2 potions of brilliance
 l - 2 potions of invisibility
 m - 4 potions of resistance
Books
 A - a manual of Bows
 H - a manual of Polearms
 O - a manual of Throwing
 V - a manual of Translocations
Miscellaneous
 I - a tin of tremorstones (2/2)
 J - a phantom mirror
 W - a condenser vane


   Skills:
 O Level 27 Fighting
 O Level 27 Long Blades
 O Level 27 Armour
 + Level 23.4 Dodging
 O Level 27 Shields
 + Level 23.3 Spellcasting
 + Level 20.0 Necromancy
 O Level 27 Invocations


You had 39 spell levels left.
You knew the following spells:

 Your Spells              Type           Power        Failure   Level
a - Swiftness             Air            ####....     3%          2
b - Death's Door          Necr           #######...   43%         9
c - Borgnjor's Revivific  Necr           #######...   3%          8
d - Necromutation         Tmut/Necr      ######....   86%         8

Your spell library contained the following spells:

 Spells                   Type           Power        Failure   Level
 Animate Skeleton         Necr           ######       0%          1
 Dispel Undead            Necr           #######.     0%          4
 Apportation              Tloc           ####..       1%          1
 Corona                   Hex            ####...      1%          1
 Foxfire                  Conj/Fire      ####         1%          1
 Shock                    Conj/Air       ####         1%          1
 Sting                    Tmut/Pois      ####         1%          1
 Summon Small Mammal      Summ           ####         1%          1
 Corpse Rot               Necr/Air       N/A          1%          2
 Borgnjor's Vile Clutch   Necr/Erth      ######....   1%          5
 Ensorcelled Hibernation  Hex/Ice        ####..       3%          2
 Poisonous Vapours        Pois/Air       ####..       3%          2
 Slow                     Hex            ####....     3%          2
 Infestation              Necr           #######...   3%          8
 Confusing Touch          Hex            ####....     6%          3
 Dazzling Flash           Conj/Hex       ####..       6%          3
 Gell's Gravitas          Tloc           ####......   6%          3
 Ignite Poison            Fire/Tmut/Pois ####....     6%          3
 Inner Flame              Hex/Fire       ####....     6%          3
 Mephitic Cloud           Conj/Pois/Air  ####....     6%          3
 Ozocubu's Armour         Ice            ####....     6%          3
 Portal Projectile        Hex/Tloc       ####..       6%          3
 Static Discharge         Conj/Air       ####....     6%          3
 Stone Arrow              Conj/Erth      ####..       6%          3
 Summon Guardian Golem    Hex/Summ       ####....     6%          3
 Teleport Other           Tloc           ####....     6%          3
 Airstrike                Air            ####......   17%         4
 Cause Fear               Hex            ####......   17%         4
 Hailstorm                Conj/Ice       ####....     17%         4
 Iskenderun's Mystic Bla  Conj/Tloc      ####....     17%         4
 Leda's Liquefaction      Hex/Erth       ####......   17%         4
 Petrify                  Tmut/Erth      ####....     17%         4
 Sticky Flame             Conj/Fire      ####....     17%         4
 Summon Lightning Spire   Summ/Air       ####....     17%         4
 Haunt                    Necr/Summ      ######....   24%         7
 Alistair's Intoxication  Tmut/Pois      ####.....    43%         5
 Bolt of Magma            Conj/Fire/Erth ####......   43%         5
 Fireball                 Conj/Fire      ####......   43%         5
 Irradiate                Conj/Tmut      ####......   43%         5
 Iskenderun's Battlesphe  Conj           ####....     43%         5
 Lightning Bolt           Conj/Air       ####......   43%         5
 Metabolic Englaciation   Hex/Ice        ####......   43%         5
 Silence                  Hex/Air        ####......   43%         5
 Summon Demon             Summ           ####......   43%         5
 Summon Forest            Summ/Tloc      ####......   43%         5
 Summon Mana Viper        Hex/Summ       ####....     43%         5
 Yara's Violent Unravell  Hex/Tmut       ####......   43%         5
 Conjure Ball Lightning   Conj/Air       ####......   92%         6
 Eringya's Noxious Bog    Tmut/Pois      ####......   92%         6
 Hydra Form               Tmut           ####......   92%         6
 Iron Shot                Conj/Erth      ####......   92%         6
 Ozocubu's Refrigeration  Ice            ####......   92%         6
 Shadow Creatures         Summ           N/A          92%         6
 Malign Gateway           Summ/Tloc      ####......   100%        7
 Monstrous Menagerie      Summ           ####......   100%        7
 Orb of Destruction       Conj           ####......   100%        7
 Spellforged Servitor     Conj/Summ      ####......   100%        7
 Summon Greater Demon     Summ           ####......   100%        7
 Summon Hydra             Summ           ####......   100%        7
 Discord                  Hex            ####......   100%        8
 Disjunction              Tloc           ####......   100%        8
 Ignition                 Fire           ####......   100%        8
 Summon Horrible Things   Summ           ####......   100%        8
 Dragon's Call            Summ           ####......   100%        9
 Shatter                  Erth           ####......   100%        9
 Tornado                  Air            ####......   100%        9
 Sublimation of Blood     Necr           Unusable     N/A         2
 Statue Form              Tmut/Erth      Unusable     N/A         6

Dungeon Overview and Level Annotations

Branches:
Dungeon (1/1)

Altars:
Ashenzari
Cheibriados
Dithmenos
Elyvilon
Fedhas
Gozag
Hepliaklqana
Kikubaaqudgha
Makhleb
Nemelex Xobeh
Okawaru
Qazlal
Ru
Sif Muna
Trog
Uskayaw
Vehumet
Wu Jian
Xom
Yredelemnul
Zin
The Shining One
Beogh
Jiyva
Lugonu


Innate Abilities, Weirdness & Mutations

You are resistant to torment.
Your stone body is resilient. (AC +16)
You are immune to poison.
Your large and strong wings let you fly indefinitely.
You resist negative energy. (rN+)
You are resistant to electric shocks. (rElec)
You can survive without breathing.
You are immune to petrification.
You are immune to miasma.


Message History

Magic restored.
You start waiting.
Press: ? - help, v - describe, . - travel, g - get item Item here: the cursed +3 executioner's axe "Ogre's Regret" {protect, +Fly Will- Int+7 Stlth+}.
The floor, spattered with blood.
Things that are here:
a +4 ring mail of willpower; the +4 ring mail "Yniduac" {Rampage rF- Dex+5}
There is a transporter here.
An exit appears before you!
You enter the transporter and appear at another place.
Found the Orb of Zot.
Found a staircase leading out of the dungeon.
You see here the Orb of Zot.
You pick up the Orb of Zot!
The Orb lets out a hideous shriek!
The lords of Pandemonium are not amused.
Beware!
Now all you have to do is get back out of the dungeon!
There is a staircase leading out of the dungeon here.
You can't go down here!
Unknown command.
You have escaped!

|..)..}.....▓..▓.......▓..▓...8©8
............▓.▓.▓.....▓.▓.▓..).}.
............▓..▓.......▓..▓..}[..
............▓..........≈.≈▓..†.).
............▓......©......▓.[..).
............▓▓▓▓▓▓▓▓▓▓▓▓▓▓▓..))).
▓.......▓...▓8888888888888▓.....|
▓▓.....▓▓▓..▓8...○.......8▓..▓...
▓.......▓...▓8.°@.....©..8▓.▓....
.........≈..▓8...§.......8▓....©.
....©.......▓8888888888888▓▓▓▓▓▓▓
▓▓▓▓▓▓▓▓▓▓▓▓▓▓▓▓▓▓▓▓▓▓▓▓▓▓▓▓▓▓▓▓▓
.....8©8........▓......|.8©8.....
..))|.|)[|)||.|.▓.)[.=)...[}).).)
).|.)"..||)).)..▓.")}...=.}.|)..[
=|.|.)..)..)))).▓.)}[.})..|...)).
..)..))))...."..▓.........[.)..|.


There were no monsters in sight!

Vanquished Creatures
  An ancient lich (D)
  2 juggernauts (shapeshifter) (D)
  6 shard shrikes (shapeshifter) (D)
  A caustic shrike (shapeshifter) (D)
  9 golden dragons (D)
  3 golden dragons (shapeshifter) (D)
  2 iron giants (shapeshifter) (D)
  4 deep elf blademasters (D)
  9 titans (D)
  3 deep elf master archers (D)
  3 titans (shapeshifter) (D)
  5 quicksilver dragons (D)
  Polyphemus (D)
  An acid blob (D)
  Kirke (D)
  Donald (D)
  2 draconian monks (D)
  4 storm dragons (D)
  5 azure jellies (D)
  9 shadow dragons (D)
  A shadow dragon (shapeshifter) (D)
  9 frost giants (D)
  An iron dragon (shapeshifter) (D)
  3 iron dragons (D)
  16 fire giants (D)
  4 deep elf sorcerers (D)
  A frost giant (shapeshifter) (D)
  2 draconian scorchers (D)
  2 draconian stormcallers (D)
  2 draconian shifters (D)
  2 draconian annihilators (D)
  2 reapers (D)
  6 stone giants (D)
  6 green draconians (D)
  3 deep elf annihilators (D)
  2 vampire knights (D)
  A minotaur (shapeshifter) (D)
  4 black draconians (D)
  9 purple draconians (D)
  4 yellow draconians (D)
  7 white draconians (D)
  A bunyip (shapeshifter) (D)
  11 red draconians (D)
  15 ettins (D)
  Snorg (D)
  A merfolk javelineer (D)
  10 fire dragons (D)
  2 death oozes (D)
  A deep elf high priest (D)
  3 yaktaur captains (D)
  4 hydras (D)
  An ice dragon (shapeshifter) (D)
  A great orb of eyes (D)
  2 boulder beetles (D)
  10 ice dragons (D)
  4 spriggan air magi (D)
  An anaconda (shapeshifter) (D)
  An ogre mage (D)
  4 two-headed ogres (shapeshifter) (D)
  3 dancing weapons (D)
  A catoblepas (shapeshifter) (D)
  An alligator snapping turtle (shapeshifter) (D)
  2 hell hogs (D)
  A death yak (shapeshifter) (D)
  3 shock serpents (shapeshifter) (D)
  Sonja (D)
  3 deep elf knights (D)
  Nergalle (D)
  4 soul eaters (D)
  A death drake (D)
  An unseen horror (shapeshifter) (D)
  A hell knight (D)
  4 sea snakes (shapeshifter) (D)
  3 deep trolls (shapeshifter) (D)
  2 swamp dragons (shapeshifter) (D)
  A glowing orange brain (shapeshifter) (D)
  A death drake (shapeshifter) (D)
  2 spriggan druids (D)
  2 mana vipers (shapeshifter) (D)
  5 lindwurms (shapeshifter) (D)
  A deep elf archer (D)
  A shining eye (shapeshifter) (D)
  2 ugly things (D)
  9 deep elf magi (D)
  An orb spider (D)
  3 necromancers (D)
  2 shining eyes (D)
  3 cyclopes (shapeshifter) (D)
  2 salamanders (shapeshifter) (D)
  2 wolf spiders (D)
  A manticore (shapeshifter) (D)
  A moth of wrath (D)
  10 cyclopes (D)
  Joseph (D)
  3 torpor snails (shapeshifter) (D)
  A naga mage (D)
  A water nymph (shapeshifter) (D)
  A black mamba (D)
  2 guardian serpents (shapeshifter) (D)
  A black mamba (shapeshifter) (D)
  A cane toad (D)
  A rust devil (D)
  5 yaktaurs (D)
  A hellion (D)
  3 rime drakes (D)
  3 komodo dragons (D)
  2 yaktaurs (shapeshifter) (D)
  A freezing wraith (D)
  A komodo dragon (shapeshifter) (D)
  An ice devil (D)
  A jumping spider (shapeshifter) (D)
  A red devil (D)
  A queen bee (shapeshifter) (D)
  A troll (shapeshifter) (D)
  10 wind drakes (D)
  A wind drake (shapeshifter) (D)
  4 hornets (D)
  A polar bear (D)
  A polar bear (shapeshifter) (D)
  A tyrant leech (shapeshifter) (D)
  Grinder (D)
  10 slime creatures (D)
  A raiju (shapeshifter) (D)
  3 dream sheep (shapeshifter) (D)
  A blink frog (shapeshifter) (D)
  16 air elementals (D)
  2 shadows (D)
  A redback (shapeshifter) (D)
  A spriggan (shapeshifter) (D)
  A tarantella (D)
  3 redbacks (D)
  8 wyverns (D)
  A fire elemental (D)
  5 spriggans (D)
  2 wraiths (D)
  2 vampires (D)
  A golden eye (shapeshifter) (D)
  A golden eye (D)
  4 steam dragons (D)
  A steam dragon (shapeshifter) (D)
  4 insubstantial wisps (D)
  A swamp worm (shapeshifter) (D)
  2 acid dragons (D)
  3 water moccasins (D)
  3 floating eyes (shapeshifter) (D)
  2 hell hounds (D)
  4 swamp drakes (D)
  2 eyes of draining (D)
  A black bear (D)
  An ice beast (D)
  A phantom (D)
  6 necrophages (D)
  A wolf (D)
  2 tengu (shapeshifter) (D)
  3 earth elementals (D)
  A killer bee (shapeshifter) (D)
  7 wights (D)
  A crimson imp (D)
  2 quasits (D)
  5 jellies (D)
  Crazy Yiuf (D)
  An orc priest (D)
  An orc wizard (D)
  3 iron imps (D)
  An adder (D)
  An adder (shapeshifter) (D)
  2 white imps (D)
  2 spectral adders (D)
  A worm (shapeshifter) (D)
  4 adder skeletons (D)
  4 adder zombies (D)
  An adder simulacrum (D)
  3 spectral bats (D)
  A ball python (D)
  4 bat skeletons (D)
  A jackal (D)
  A ball python skeleton (D)
  2 ball python zombies (D)
  2 giant cockroach zombies (D)
  A jackal simulacrum (D)
  2 jackal skeletons (D)
  A quokka zombie (D)
  A spectral jackal (D)
522 creatures vanquished.

Vanquished Creatures (collateral kills)
  A ghoul (D)
  A skeletal warrior (D)
  A shadow (D)
3 creatures vanquished.

Vanquished Creatures (others)
  A storm dragon (D)
  A cyclops (D)
  A bat zombie (D)
3 creatures vanquished.

Grand Total: 528 creatures vanquished

Notes
Turn   | Place    | Note
-------+----------+-------------------------------------------
     0 | D        | Adamkad1 the Gargoyle Fighter began the quest for the Orb.
     0 | D        | Reached XP level 1. HP: 14/14 MP: 1/1
     0 | D        | Found a shimmering blue altar of Sif Muna.
     0 | D        | Found a bloodstained altar of Trog.
     0 | D        | Found a sacrificial altar of Ru.
     0 | D        | Found a stormy altar of Qazlal.
     0 | D        | Found an iron altar of Okawaru.
     1 | D        | Found a sparkling altar of Nemelex Xobeh.
     1 | D        | Found a blossoming altar of Fedhas.
     2 | D        | Found the +6 Majin-Bo {vamp, MP+6 Int+6}
     2 | D        | Found the +9 heavy crossbow "Sniper" {vorpal, Acc+∞ SInv}
     2 | D        | Found the +10 dark maul {vorpal}
     2 | D        | Found the +15 Maxwell's patent armour {-Cast -Tele rElec
                  | Will+ rCorr}
     2 | D        | Found the +18 shield of the Gong {rElec rN+ Will+ EV-5}
     2 | D        | Found the cursed +14 obsidian axe {vorpal, +Fly SInv
                  | *Curse}
     2 | D        | Found the +7 great mace "Firestarter" {inner flame, rF++}
     2 | D        | Found the +6 shillelagh "Devastator" {shatter}
     2 | D        | Found the +11 plutonium sword {*Contam Stlth-}
     2 | D        | Found the +8 lance "Wyrmbane" {slay drac, rPois rF+ rC+
                  | AC+3}
     2 | D        | Found the +9 sword of Zonguldrok {reap}
     2 | D        | Found the cursed +13 scythe of Curses {drain, *Curse}
     2 | D        | Found the +0 sword of Power
     2 | D        | Found the +7 mace of Variability {chain chaos}
     2 | D        | Found the +7 Singing Sword {vorpal, sonic wave}
     2 | D        | Found the +8 storm bow {elec, penet}
     3 | D        | Found a transporter.
     3 | D        | Found an ancient bone altar of Kikubaaqudgha.
     3 | D        | Found a viscous altar of Jiyva.
     3 | D        | Found a corrupted altar of Lugonu.
     3 | D        | Found a hazy altar of Hepliaklqana.
     3 | D        | Found a burning altar of Makhleb.
     3 | D        | Found an opulent altar of Gozag.
    28 | D        | Became a worshipper of Qazlal Stormbringer
    60 | D        | Reached XP level 2. HP: 19/19 MP: 2/2
   198 | D        | Entered arena 2.
   198 | D        | Found a transporter.
   201 | D        | Reached XP level 3. HP: 24/24 MP: 3/3
   204 | D        | Reached XP level 4. HP: 29/29 MP: 4/4
   212 | D        | Entered arena 3.
   212 | D        | Noticed a rust devil
   212 | D        | Found a transporter.
   219 | D        | Reached * piety under Qazlal
   220 | D        | Reached skill level 5 in Fighting
   220 | D        | Reached skill level 5 in Armour
   220 | D        | Reached XP level 5. HP: 35/35 MP: 5/5
   223 | D        | Killed a rust devil
   224 | D        | Reached skill level 10 in Shields
   224 | D        | Reached XP level 6. HP: 44/44 MP: 6/6
   276 | D        | Entered arena 4.
   276 | D        | Noticed a hell hound
   276 | D        | Found a transporter.
   281 | D        | Killed a hell hound
   281 | D        | Reached ** piety under Qazlal
   282 | D        | Reached XP level 7. HP: 48/48 MP: 7/7
   288 | D        | Reached *** piety under Qazlal
   294 | D        | Entered arena 5.
   294 | D        | Noticed a brown ugly thing
   294 | D        | Noticed an ogre mage
   294 | D        | Noticed a boulder beetle
   294 | D        | Noticed a wraith
   294 | D        | Found a transporter.
   297 | D        | Killed a wraith
   298 | D        | Reached skill level 1 in Dodging
   299 | D        | Killed a boulder beetle
   299 | D        | Killed a brown ugly thing
   300 | D        | Reached skill level 10 in Long Blades
   300 | D        | Reached XP level 8. HP: 50/56 MP: 7/13
   300 | D        | Reached XP level 9. HP: 53/60 MP: 7/14
   304 | D        | Killed an ogre mage
   304 | D        | Reached **** piety under Qazlal
   358 | D        | Entered arena 6.
   358 | D        | Noticed a white ugly thing
   358 | D        | Found a transporter.
   361 | D        | Killed a white ugly thing
   361 | D        | Reached ***** piety under Qazlal
   372 | D        | Entered arena 7.
   372 | D        | Noticed a cane toad
   372 | D        | Noticed a komodo dragon
   372 | D        | Noticed a komodo dragon
   372 | D        | Noticed a komodo dragon
   373 | D        | Found the ring of the Mage {Wiz Will++ Int+3}
   373 | D        | Found a transporter.
   378 | D        | Reached skill level 10 in Fighting
   378 | D        | Reached XP level 10. HP: 68/68 MP: 16/16
   379 | D        | Reached skill level 10 in Armour
   384 | D        | Reached skill level 5 in Dodging
   385 | D        | Killed a cane toad
   386 | D        | Reached skill level 10 in Invocations
   428 | D        | Entered arena 8.
   428 | D        | Noticed a black mamba
   428 | D        | Noticed a naga mage
   429 | D        | Found a transporter.
   432 | D        | Killed a black mamba
   433 | D        | Reached ****** piety under Qazlal
   435 | D        | Killed a naga mage
   544 | D        | Entered arena 9.
   545 | D        | Found a transporter.
   576 | D        | Entered arena 10.
   577 | D        | Found a transporter.
   617 | D        | Entered arena 11.
   617 | D        | Noticed a spriggan druid
   617 | D        | Noticed a spriggan druid
   617 | D        | Noticed a spriggan rider
   618 | D        | Identified the +7 broad axe of World's End {elec, rPois
                  | Will- Int+3 Dex+4}
   618 | D        | Found a transporter.
   621 | D        | Killed a spriggan druid
   621 | D        | Killed a spriggan druid
   622 | D        | Reached XP level 11. HP: 68/74 MP: 11/20
   626 | D        | Killed a spriggan rider
   636 | D        | Got the ring "Awnio" {+Blink Str+6}
   677 | D        | Got the Grimoire of Companions
   688 | D        | Entered arena 12.
   688 | D        | Noticed Nergalle
   688 | D        | Noticed Sonja
   688 | D        | Noticed Snorg
   688 | D        | Noticed Polyphemus
   688 | D        | Noticed Donald
   688 | D        | Noticed Crazy Yiuf
   688 | D        | Noticed Grinder
   689 | D        | Identified the +6 quarterstaff "Ohozxav" {antimagic, Str+4}
   689 | D        | Noticed Kirke
   689 | D        | Identified the +6 mace of Aptetof {venom, Will+}
   689 | D        | Noticed Joseph
   690 | D        | Found a transporter.
   692 | D        | Killed Crazy Yiuf
   692 | D        | Killed Nergalle
   692 | D        | Killed Grinder
   692 | D        | Killed Kirke
   693 | D        | Killed Joseph
   694 | D        | Killed Sonja
   694 | D        | Killed Snorg
   695 | D        | Reached XP level 12. HP: 69/81 MP: 6/22
   695 | D        | Killed Donald
   696 | D        | Killed Polyphemus
   715 | D        | Got the amulet of Lugonu's Regard {Inacc rElec rN+ Stlth+}
   784 | D        | Entered arena 13.
   784 | D        | Noticed a vampire knight
   784 | D        | Noticed an ancient lich
   785 | D        | Identified the ring of Vidifolo {Ice +Fly Dex+2}
   786 | D        | Found a transporter.
   791 | D        | Killed a vampire knight
   792 | D        | Reached skill level 15 in Long Blades
   792 | D        | Reached skill level 15 in Invocations
   799 | D        | Killed an ancient lich
   800 | D        | Reached skill level 15 in Shields
   800 | D        | Reached XP level 13. HP: 52/89 MP: 9/25
   894 | D        | Entered arena 14.
   899 | D        | Found a transporter.
   911 | D        | Got the ring "Detevviz" {+Blink Will- Int+6 SInv}
   925 | D        | Entered arena 15.
   925 | D        | Noticed a yaktaur captain
   925 | D        | Noticed a deep elf master archer
   926 | D        | Noticed a yaktaur captain
   926 | D        | Noticed a merfolk javelineer
   927 | D        | Identified the +11 war axe of Precise Incision {vorpal,
                  | +Blink +Fly rF+}
   927 | D        | Noticed a yaktaur captain
   928 | D        | Found a transporter.
   934 | D        | Killed a yaktaur captain
   936 | D        | HP: 2/90 [deep elf master archer/arrow (7)]
   939 | D        | Killed a yaktaur captain
   940 | D        | Reached skill level 10 in Dodging
   942 | D        | Killed a deep elf master archer
   947 | D        | Killed a merfolk javelineer
   951 | D        | Killed a yaktaur captain
  1068 | D        | Entered arena 16.
  1069 | D        | Identified the +6 chain mail of the Past {Will+}
  1069 | D        | Noticed a ghoul
  1069 | D        | Identified the +10 dagger "Goblin's Bane" {venom, Will+
                  | Str+9 Dex-4 Stlth-}
  1069 | D        | Noticed a vampire knight
  1071 | D        | Identified the amulet "Diypapluo" {Spirit Str+4}
  1071 | D        | Identified the +4 shortbow "Imp's Funeral" {flame, rN+}
  1072 | D        | Found a transporter.
  1075 | D        | Killed a vampire knight
  1079 | D        | Killed a ghoul
  1149 | D        | Entered arena 17.
  1151 | D        | Noticed a storm dragon
  1152 | D        | Noticed a storm dragon
  1154 | D        | Gained mutation: Your large and strong wings let you fly
                  | indefinitely. [Gargoyle growth]
  1154 | D        | Reached XP level 14. HP: 34/96 MP: 27/27
  1155 | D        | Killed a storm dragon
  1156 | D        | Reached skill level 15 in Fighting
  1156 | D        | Reached skill level 15 in Armour
  1158 | D        | Noticed a titan
  1159 | D        | Killed a storm dragon
  1162 | D        | Killed a titan
  1165 | D        | Found a transporter.
  1257 | D        | Got the Almanac of Sinister Rites and Bewitchment
  1262 | D        | Entered arena 18.
  1264 | D        | Noticed a reaper
  1265 | D        | Noticed a reaper
  1266 | D        | Found the +3 salamander hide armour {Flames rF++ rC--}
  1267 | D        | Killed a reaper
  1267 | D        | Killed a reaper
  1268 | D        | Found a transporter.
  1284 | D        | Got the amulet of Nouwoz {Faith +Inv Str+4 Stlth-}
  1352 | D        | Entered arena 19.
  1354 | D        | Noticed a shadow dragon
  1354 | D        | Noticed a shadow dragon
  1355 | D        | Found the +2 hood of the Assassin {Detection Stab+ Stlth++}
  1355 | D        | Killed a shadow dragon
  1357 | D        | Found a transporter.
  1359 | D        | Killed a shadow dragon
  1382 | D        | Got Dolas's Handbook of Confrontation
  1386 | D        | Got Sif Muna's Incunabulum of Flames
  1410 | D        | Entered arena 20.
  1412 | D        | Noticed a storm dragon
  1413 | D        | Noticed a storm dragon
  1414 | D        | Killed a storm dragon
  1414 | D        | Noticed a titan
  1415 | D        | Killed a storm dragon
  1415 | D        | Noticed a storm dragon
  1417 | D        | Found the +4 Cigotuvi's embrace {rMiasma *Drain rN+}
  1418 | D        | Killed a storm dragon
  1419 | D        | Reached XP level 15. HP: 62/103 MP: 8/31
  1424 | D        | Killed a titan
  1558 | D        | Found a transporter.
  1571 | D        | Got the ring of Qos Quah {Fire rPois rN++ Str-4 Stlth+}
  1598 | D        | Got Weobaox's Incunabulum of Scorching Earth
  1604 | D        | Entered arena 21.
  1607 | D        | Noticed a quicksilver dragon
  1608 | D        | Noticed a golden dragon
  1608 | D        | Noticed a golden dragon
  1608 | D        | Noticed a golden dragon
  1608 | D        | Noticed a golden dragon
  1608 | D        | Noticed a shadow dragon
  1608 | D        | Noticed an iron dragon
  1608 | D        | Noticed a golden dragon
  1608 | D        | Noticed a golden dragon
  1608 | D        | Noticed a shadow dragon
  1608 | D        | Noticed a quicksilver dragon
  1609 | D        | Killed a quicksilver dragon
  1609 | D        | Killed a golden dragon
  1609 | D        | Killed a quicksilver dragon
  1609 | D        | Killed a shadow dragon
  1609 | D        | Killed a golden dragon
  1609 | D        | Killed a shadow dragon
  1609 | D        | Killed a golden dragon
  1609 | D        | Killed a golden dragon
  1609 | D        | Killed a golden dragon
  1609 | D        | Killed a golden dragon
  1609 | D        | Killed an iron dragon
  1609 | D        | Killed a golden dragon
  1610 | D        | Reached skill level 27 in Invocations
  1610 | D        | Reached XP level 16. HP: 66/112 MP: 24/33
  1617 | D        | Found a transporter.
  1735 | D        | Entered arena 22.
  1738 | D        | Noticed an acid blob
  1738 | D        | Noticed an azure jelly
  1739 | D        | Noticed an azure jelly
  1739 | D        | Noticed an azure jelly
  1739 | D        | Noticed an azure jelly
  1740 | D        | Noticed an azure jelly
  1740 | D        | Killed an azure jelly
  1740 | D        | Killed an azure jelly
  1740 | D        | Killed an azure jelly
  1740 | D        | Killed an azure jelly
  1740 | D        | Killed an azure jelly
  1747 | D        | Killed an acid blob
  1824 | D        | Found a transporter.
  1844 | D        | Got the +0 pair of boots "Oqycsoit" {Harm rCorr Str+4
                  | Stlth-}
  1864 | D        | Entered arena 23.
  1868 | D        | Noticed a shard shrike
  1869 | D        | Noticed a shard shrike
  1869 | D        | a glowing shapeshifter changed into a shard shrike
  1870 | D        | Killed a shard shrike
  1870 | D        | Killed a shard shrike
  1870 | D        | Noticed a titan
  1871 | D        | Reached skill level 10 in Spellcasting
  1871 | D        | Killed a titan
  1871 | D        | Noticed a juggernaut
  1873 | D        | Noticed a juggernaut
  1873 | D        | Noticed a shard shrike
  1873 | D        | a juggernaut changed into a shard shrike
  1873 | D        | Noticed a shard shrike
  1875 | D        | Found the +5 robe of Night {Dark Will+ SInv}
  1875 | D        | Noticed a caustic shrike
  1875 | D        | a shard shrike changed into a caustic shrike
  1876 | D        | Reached XP level 17. HP: 120/120 MP: 13/34
  1876 | D        | Noticed a golden dragon
  1876 | D        | a juggernaut changed into a golden dragon
  1877 | D        | Killed a golden dragon
  1877 | D        | Noticed a titan
  1877 | D        | a shard shrike changed into a titan
  1877 | D        | Noticed a golden dragon
  1877 | D        | a caustic shrike changed into a golden dragon
  1878 | D        | Killed a titan
  1878 | D        | Killed a golden dragon
  1879 | D        | Found a transporter.
  1882 | D        | Noticed an iron giant
  1882 | D        | an iron dragon changed into an iron giant
  1892 | D        | Noticed an acid blob
  1892 | D        | an iron giant changed into an acid blob
  1894 | D        | Noticed a caustic shrike
  1894 | D        | an acid blob changed into a caustic shrike
  1896 | D        | Killed a caustic shrike
  2031 | D        | Got the Incunabulum of Battle Magic
  2054 | D        | Got the ring of the Catfish {rElec rC- Will+ Dex-3 Stlth+}
  2069 | D        | Learned a level 2 spell: Swiftness
  2079 | D        | Learned a level 9 spell: Death's Door
  2088 | D        | Learned a level 8 spell: Borgnjor's Revivification
  2097 | D        | Learned a level 8 spell: Necromutation
  2098 | D        | Entered arena 24.
  2103 | D        | Noticed a deep elf blademaster
  2103 | D        | Noticed a deep elf master archer
  2103 | D        | Identified the ring "Ihiyruh" {+Blink +Inv +Fly AC+4}
  2103 | D        | Identified the amulet "Wuazxare" {RegenMP rElec}
  2104 | D        | Noticed a deep elf blademaster
  2104 | D        | Noticed a deep elf master archer
  2106 | D        | Reached skill level 15 in Dodging
  2106 | D        | Identified the +4 ring mail of the Sea {Str+4}
  2106 | D        | Noticed a deep elf blademaster
  2106 | D        | Noticed a deep elf blademaster
  2107 | D        | Killed a deep elf master archer
  2107 | D        | Killed a deep elf blademaster
  2107 | D        | Killed a deep elf master archer
  2107 | D        | Killed a deep elf blademaster
  2107 | D        | Killed a deep elf blademaster
  2107 | D        | Killed a deep elf blademaster
  2110 | D        | Found a transporter.
  2198 | D        | Entered arena 25.
  2204 | D        | Noticed a golden dragon
  2205 | D        | Noticed a quicksilver dragon
  2205 | D        | Noticed a quicksilver dragon
  2205 | D        | Noticed a quicksilver dragon
  2206 | D        | Killed a golden dragon
  2206 | D        | Killed a quicksilver dragon
  2206 | D        | Killed a quicksilver dragon
  2207 | D        | Reached XP level 18. HP: 135/135 MP: 27/35
  2207 | D        | Noticed a golden dragon
  2208 | D        | Found the +3 robe of Folly {Archmagi, Will-- Int+5}
  2208 | D        | Killed a quicksilver dragon
  2208 | D        | Killed a golden dragon
  2211 | D        | Found a transporter.
  2296 | D        | Got the amulet "Sufalue" {RegenMP rElec Int+4}
  2310 | D        | Got the ring "Oristas" {Fire Int+6}
  2312 | D        | Got the ring "Tubiv" {Int+3 Slay+4}
  2336 | D        | Got Sif Muna's Disquisition on Quantum Attacks
  2353 | D        | Got the Handbook of Noxious Translocation
  2355 | D        | Got the Volume of Enthralling Shape Shifting
  2363 | D        | Entered arena 26.
  2372 | D        | Identified the ring of Disaster {rPois SInv}
  2374 | D        | Reached XP level 19. HP: 110/145 MP: 29/39
  2382 | D        | Found a transporter.
  2477 | D        | Got the Volume of the Volcanoes and Snow
  2513 | D        | Acquired the ring "Jeukepie" {Wiz +Fly rPois Str-2 Int+9}
  2540 | D        | Entered arena 27.
  2548 | D        | Noticed a shard shrike
  2548 | D        | Noticed a juggernaut
  2549 | D        | Noticed a juggernaut
  2549 | D        | Killed a golden dragon
  2549 | D        | Noticed a juggernaut
  2549 | D        | a shard shrike changed into a juggernaut
  2549 | D        | Noticed a juggernaut
  2549 | D        | a titan changed into a juggernaut
  2549 | D        | Noticed a shard shrike
  2549 | D        | a glowing shapeshifter changed into a shard shrike
  2550 | D        | Reached skill level 27 in Long Blades
  2550 | D        | Noticed a shard shrike
  2550 | D        | a juggernaut changed into a shard shrike
  2550 | D        | Noticed a shard shrike
  2550 | D        | a titan changed into a shard shrike
  2550 | D        | Noticed a shard shrike
  2550 | D        | a juggernaut changed into a shard shrike
  2551 | D        | Noticed a shard shrike
  2551 | D        | Noticed a juggernaut
  2551 | D        | a shard shrike changed into a juggernaut
  2551 | D        | Noticed a juggernaut
  2551 | D        | a shard shrike changed into a juggernaut
  2552 | D        | Killed a juggernaut
  2552 | D        | Killed a shard shrike
  2552 | D        | Killed a juggernaut
  2552 | D        | Noticed an iron giant
  2552 | D        | an acid blob changed into an iron giant
  2553 | D        | Reached XP level 20. HP: 155/155 MP: 27/42
  2553 | D        | Killed a shard shrike
  2553 | D        | Killed an iron giant
  2553 | D        | Noticed a shard shrike
  2553 | D        | a juggernaut changed into a shard shrike
  2554 | D        | Reached skill level 15 in Necromancy
  2554 | D        | Killed a shard shrike
  2554 | D        | Killed a shard shrike
  2555 | D        | Noticed an iron giant
  2555 | D        | a juggernaut changed into an iron giant
  2562 | D        | Killed an iron giant
  2564 | D        | Found a transporter.
  2633 | D        | Got the amulet "Vuxtymoff" {Reflect rElec rF+ Will- SH+5
                  | Stlth+}
  2650 | D        | Entered arena 28.
  2659 | D        | Identified the ring "Ekotu" {+Blink rElec rF+ Int+6}
  2659 | D        | Identified the amulet "Vyluud" {Faith +Blink rPois Will-
                  | Str+4}
  2661 | D        | Reached skill level 27 in Fighting
  2661 | D        | Reached skill level 27 in Shields
  2661 | D        | Identified the ring of Doubts {Ice rPois Int+5 Dex+6}
  2662 | D        | Identified the +9 rapier "Xyudgho" {venom, rPois Will+
                  | Dex-2}
  2664 | D        | Reached skill level 27 in Armour
  2664 | D        | Reached XP level 21. HP: 163/163 MP: 30/47
  2671 | D        | Identified the cursed +3 executioner's axe "Ogre's Regret"
                  | {protect, +Fly Will- Int+7 Stlth+}
  2672 | D        | Found the +10 tower shield of Ignorance {rN+ Int-4}
  2673 | D        | Found a transporter.
  2684 | D        | Got the ring of Past Mistakes {Wiz rF- Dex+4 Stlth+}
  2906 | D        | Got the Orb of Zot
  2911 | D        | Escaped with the Orb!

Illustrated notes

Levels and vault maps discovered:
D:        sprint_v [room_start, room_1, room_2, room_3, room_4, room_5, room_6,
          room_7, room_8, room_9, room_10, room_11, room_12, room_13, room_14,
          room_15, room_16, room_17, room_18, room_19, room_20, room_21,
          room_22, room_23, room_24, room_25, room_26, room_27]

Skill      XL: |  1  2  3  4  5  6  7  8  9 10 11 12 13 14 15 16 17 18 19 20 21 |
---------------+----------------------------------------------------------------+-----
Shields        | 8 9 10 11 12 13 14 15 16 18 20 22 23 25 27 | 27.0
Long Blades    | 2 3 4 7 8 10 11 13 14 15 17 19 21 23 26 27 | 27.0
Fighting       | 4 5 7 9 10 11 12 13 14 15 17 18 22 24 26 27 | 27.0
Armour         | 4 5 7 9 11 12 13 14 15 17 18 21 23 24 27 | 27.0
Dodging        | 3 4 6 7 9 10 11 12 14 16 18 19 22 23 | 23.4
Invocations    | 6 9 12 13 16 18 24 27 | 27.0
Spellcasting   | 6 10 13 16 18 22 23 | 23.3
Necromancy     | 7 11 14 19 20 | 20.0

Action                   |  1- 3 |  4- 6 |  7- 9 | 10-12 | 13-15 | 16-18 | 19-21 || total
-------------------------+-------+-------+-------+-------+-------+-------+-------++-------
Melee: Double sword      |     4 |    12 |    17 |    52 |    34 |    16 |    13 ||   148
Invok: Disaster Area     |       |       |       |     5 |    12 |    10 |     7 ||    34
       Upheaval          |       |       |       |     1 |     5 |     7 |    11 ||    24
       Elemental Force   |       |       |       |       |     1 |       |       ||     1
 Abil: Evoke Blink       |       |       |       |     1 |       |       |       ||     1
  Use: Potion            |     1 |       |       |       |     3 |     1 |       ||     5
       Scroll            |       |       |       |       |       |       |     1 ||     1
 Stab: Petrified         |       |       |       |       |       |       |     1 ||     1
Armor: Gold dragon scale |     1 |    23 |    15 |    30 |    15 |     6 |    10 ||   100
Dodge: Dodged            |       |       |       |     2 |     8 |     3 |     1 ||    14
       Repelled          |       |       |       |       |       |     2 |     2 ||     4
Block: Kite shield       |     3 |    36 |    31 |   113 |    77 |    15 |    19 ||   294
       Reflection        |       |       |       |       |       |       |     4 ||     4
       Rpst.: Double sword |       |       |       |     1 |     1 |       |       ||     2

Table legend: (Time is in decaauts)
 A = Elapsed time spent in this place.
 B = Non-inter-level travel time spent in this place.
 C = Inter-level travel time spent in this place.
 D = Time resting spent in this place.
 E = Time spent auto-exploring this place.
 F = Levels seen in this place.
 G = Mean time per level.
                   A        B        C        D        E       F      G
               +--------+--------+--------+--------+--------+-----+--------+
         Total |   2887 |   2887 |      0 |   1587 |      0 |   1 | 2887.0 |
       Dungeon |   2887 |   2887 |      0 |   1587 |      0 |   1 | 2887.0 |
               +--------+--------+--------+--------+--------+-----+--------+

Top non-repeatable levels by time:
       D: 2887 daAuts
